 Dungeon Crawl Stone Soup version 0.31-a0-1540-g5a0b83f448 (webtiles) character file.

Game seed: 3110035453377848485

72 Persephone the Shield-Bearer (level 4, -13/24 HPs)
             Began as a Vine Stalker Fighter on Jan 1, 2024.
             Was an Initiate of Okawaru.
             Mangled by an ogre
             ... wielding a +0 giant spiked club
              (28 damage)
             ... on level 5 of the Dungeon.
             The game lasted 00:03:38 (2229 turns).

Persephone the Shield-Bearer (Vine Stalker Fighter) Turns: 2229, Time: 00:03:38

Health: -13/24     AC:  7    Str: 21    XL:     4   Next: 25%
Magic:  0/5        EV:  9    Int:  8    God:    Okawaru [......]
Gold:   240        SH:  4    Dex: 13    Spells: 3/3 levels left

rFire   . .          .
                       - Unarmed
rCold   . . .        b - +0 buckler
rNeg    . . .        a - +0 scale mail
rPois   .            (no helmet)
rElec   .            m - +0 cloak
rCorr   +            (no gloves)
SInv    .            (no boots)
Will    .....        (no amulet) Stlth
                     d - ring of resist corrosion
HPRegen 1.04/turn    (no ring)
MPRegen 0.09/turn

%: guardian spirit
@: mighty
A: fangs 2, regeneration 1, magic shield, antimagic bite, no potion heal 2
a: Renounce Religion


You were on level 5 of the Dungeon.
You worshipped Okawaru.
Okawaru was noncommittal.
You visited 2 branches of the dungeon, and saw 6 of its levels.

You collected 240 gold pieces.

Inventory:

Armour
 a - a +0 scale mail (worn)
 b - a +0 buckler (worn)
 m - a +0 cloak (worn)
Jewellery
 d - a ring of resist corrosion (left hand)
Scrolls
 h - a scroll of poison
 j - 2 scrolls of immolation
 k - a scroll of revelation {unknown}
 l - a scroll of teleportation
Potions
 e - 3 potions of mutation
 f - 2 potions of heal wounds
 g - a potion of haste {unknown}
 i - 2 potions of lignification {unknown}
 n - a potion of ambrosia {unknown}
 o - 2 potions of attraction {unknown}


   Skills:
 + Level 3.1 Fighting
 + Level 2.8 Armour
 + Level 3.1 Shields
 * Level 3.1 Unarmed Combat


You had 3 spell levels left.
You didn't know any spells.
Your spell library contained the following spells:

 Spells                   Type           Power      Damage    Failure   Level
 Ensorcelled Hibernation  Hex/Ice        0%         N/A       92%         2
 Fugue of the Fallen      Necr           0%         N/A       99%         3
 Anguish                  Hex/Necr       0%         N/A       100%        4


Dungeon Overview and Level Annotations

Branches:
Dungeon (5/15)             Temple (1/1) D:4

Altars:
Cheibriados
Dithmenos
Elyvilon
Gozag
Hepliaklqana
Kikubaaqudgha
Makhleb
Nemelex Xobeh
Okawaru
Qazlal
Ru
Trog
Uskayaw
Vehumet
Wu Jian
Xom
Yredelemnul
Zin
The Shining One

Shops:
D:3 ?   D:4 (

Annotations:
D:4 2 transporters


Innate Abilities, Weirdness & Mutations

You have extremely sharp teeth.
Your natural rate of healing is unusually fast.
When hurt, damage is shared between your health and your magic reserves.
Your bite disrupts and absorbs the magic of your enemies.
Potions cannot restore your health.


Message History

Auto Killed stopped - Partly explored.
Partly explored, unvisited transporter.
As you read the scroll of identify, it crumbles to dust.
d - a scroll of acquirement Something appears at your feet!
d - a ring of resist corrosion
d - a ring of resist corrosion (left hand) Auto Killed stopped - Partly explored.
Partly explored, unvisited transporter.
What level of the Dungeon? (default 1, ? - help)
There is a stone staircase leading down here.
You climb downwards.
There is a stone staircase leading up here.
g - an inky potion A dart slug comes into view.
The dart slug launches a dart at you. The slug dart misses you.
The dart slug launches a dart at you.
The slug dart hits you but does no damage.
The dart slug launches a dart at you.
The slug dart hits you but does no damage.
You hit the dart slug. You bite the dart slug. You drain its power.
The dart slug is severely wounded.
The dart slug barely misses you.
You hit the dart slug.
You kill the dart slug!
Okawaru accepts your kill.
Auto kill stopped - Too dangerous: Extremely Dangerous (1) Dangerous (0) Easy (0) Harmless (0)
An ogre comes into view. It is wielding a +0 giant spiked club.
The ogre shouts!
Okay, then.
You feel very mighty all of a sudden.
You punch the ogre!
The ogre is heavily wounded.
The ogre hits you with a +0 giant spiked club!
You punch the ogre! Your bite misses the ogre.
The ogre is almost dead.
The ogre hits you with a +0 giant spiked club!!
Ouch! That really hurt!
You die...

#........
#######..######
#.######........#
#...<....#####.##
########## #.###
#...# ###.# ###.#
#@..# #O### #.#
#.# #.# #.# #.#
#.#


You could see an ogre.

Vanquished Creatures
  2 adders
  A dart slug (D:5)
  An orc (D:3)
  7 endoplasms
  2 giant cockroaches
  3 goblins
  A hobgoblin (D:2)
  3 quokkas
  4 ball pythons
  5 bats
  3 frilled lizards
  10 kobolds
  6 rats
48 creatures vanquished.

Notes
Turn   | Place    | Note
-------+----------+-------------------------------------------
     0 | D:1      | Persephone the Vine Stalker Fighter began the quest for the
                  | Orb.
     0 | D:1      | Reached XP level 1. HP: 11/11 MP: 2/2
   147 | D:1      | Reached XP level 2. HP: 16/16 MP: 3/3
   507 | D:2      | Reached XP level 3. HP: 14/19 MP: 1/4
   899 | D:2      | Found a faded altar of an unknown god.
   899 | D:2      | Noticed a balrug
  1317 | D:3      | Reached XP level 4. HP: 24/24 MP: 3/5
  1583 | D:3      | Found Koextopra's Magic Scroll Emporium.
  1756 | D:4      | Found a staircase to the Ecumenical Temple.
  1807 | Temple   | Entered the Ecumenical Temple
  1826 | Temple   | Became a worshipper of Warmaster Okawaru
  1961 | D:4      | Found a transporter.
  1961 | D:4      | Found Wenoz's Antique Weapon Shop.
  2017 | D:4      | Found a transporter.
  2182 | D:4      | Identified a scroll of acquirement
  2183 | D:4      | Acquired a ring of resist corrosion
  2195 | D:5      | Entered Level 5 of the Dungeon
  2225 | D:5      | Noticed an ogre
  2229 | D:5      | Mangled by an ogre

Illustrated notes

Levels and vault maps discovered:
D:1:      roderic_crossed_star, layout_rooms
D:2:      layout_rooms, dreamdust_ecumenical_altar_sealed_demon
D:3:      layout_basic, serial_shops, nicolae_shop_tiny_glass
D:4:      layout_basic, minmay_temple_entry_tees, serial_shops,
          nicolae_shop_drivethru
D:5:      layout_loops_ring, minitemple, uniq_duvessa, uniq_grinder
Temple:   compressed_dpeg_triangle_lava_temple

Skill      XL: |  1  2  3 |
---------------+----------+-----
Shields        | 3 |  3.1
Fighting       | 3 |  3.1
Unarmed Combat | 3 |  3.1
Armour         | |  2.8

Action                     |  1- 3 |  4- 6 || total
---------------------------+-------+-------++-------
  Melee: Unarmed           |   106 |    27 ||   133
         Bite              |    17 |     4 ||    21
    Use: Scroll            |     7 |     2 ||     9
         Potion            |       |     1 ||     1
 Armour: Scale mail        |    55 |    13 ||    68
  Dodge: Dodged            |    48 |    11 ||    59
  Block: Buckler           |    23 |     3 ||    26

Table legend: (Time is in decaauts)
 A = Elapsed time spent in this place.
 B = Non-inter-level travel time spent in this place.
 C = Inter-level travel time spent in this place.
 D = Time resting spent in this place.
 E = Time spent auto-exploring this place.
 F = Levels seen in this place.
 G = Mean time per level.
                   A        B        C        D        E       F      G
               +--------+--------+--------+--------+--------+-----+--------+
         Total |   2226 |   2099 |    127 |      0 |   1706 |   6 |  371.0 |
       Dungeon |   2188 |   2097 |     91 |      0 |   1706 |   5 |  437.6 |
        Temple |     38 |      2 |     36 |      0 |      0 |   1 |   38.0 |
               +--------+--------+--------+--------+--------+-----+--------+

Top non-repeatable levels by time:
     D:3: 618 daAuts
     D:2: 609 daAuts
     D:1: 480 daAuts
     D:4: 446 daAuts
  Temple: 38 daAuts
     D:5: 33 daAuts
